 Dungeon Crawl Stone Soup version 0.25.1-2-g60ff931df9 (webtiles) character file.

Game seed: 7692153927041578740

9167 soggyman666 the Cleaver (level 11, -5/101 HPs)
             Began as a Minotaur Berserker on Oct 30, 2020.
             Was a High Priest of Trog.
             Slain by a red devil
             ... wielding a +1 demon trident of electrocution
             ... summoned by a kobold demonologist
              (9 damage)
             ... on level 11 of the Dungeon.
             The game lasted 00:51:36 (12202 turns).

soggyman666 the Cleaver (Minotaur Berserker)       Turns: 12202, Time: 00:51:36

Health: -5/101     AC:  6    Str: 23    XL:     11   Next: 19%
Magic:  11/11      EV: 16    Int:  4    God:    Trog [*****.]
Gold:   881        SH:  0    Dex: 12    Spells: 10/10 levels left

rFire    + . .     SeeInvis .   r - +0 war axe
rCold    . . .     Gourm    .   (no shield)
rNeg     . . .     Faith    .   s - +0 steam dragon scales
rPois    +         Spirit   .   (helmet restricted)
rElec    .         Reflect  .   (no cloak)
rCorr    .         Harm     .   (no gloves)
MR       .....                  (no boots)
Stlth    ++........             (no amulet)
HPRegen  0.26/turn              f - ring of poison resistance
MPRegen  0.12/turn              g - ring of protection from fire

@: about to teleport
A: retaliatory headbutt, horns 2
a: Berserk, Trog's Hand, Brothers in Arms, Renounce Religion


You were on level 11 of the Dungeon.
You worshipped Trog.
Trog was extremely pleased with you.
You were not hungry.

You visited 1 branch of the dungeon, and saw 12 of its levels.
You also visited: Ossuary.

You collected 881 gold pieces.

Inventory:

Hand Weapons
 r - a +0 war axe (weapon)
Armour
 s - +0 steam dragon scales (worn)
Jewellery
 f - a ring of poison resistance (left hand)
 g - a ring of protection from fire (right hand)
Wands
 a - a wand of iceblast (15)
 d - a wand of paralysis (8)
 l - a wand of clouds (4)
 v - a wand of digging (7)
Scrolls
 e - 2 scrolls of blinking
 h - a scroll of torment
 i - a scroll of magic mapping
 j - a scroll of silence
 o - a scroll of fog
 p - 5 scrolls of remove curse
 q - 6 scrolls of teleportation
 t - a scroll of acquirement
 u - 2 scrolls of enchant armour
 w - 2 scrolls of identify
Potions
 k - 5 potions of curing
 n - a potion of cancellation
Comestibles
 b - 8 chunks of flesh
 c - 8 rations


   Skills:
 + Level 10.4 Fighting
 + Level 13.8 Axes
 + Level 5.9 Armour
 + Level 8.6 Dodging
 + Level 4.1 Stealth
 + Level 1.3 Evocations


You had 10 spell levels left.
You didn't know any spells.
Your spell library was empty.

Dungeon Overview and Level Annotations

Branches:
Dungeon (12/15)            Temple (0/1) D:4             Orc (0/2) D:12
Ossuary (visited)
   Lair: D:8-11

Altars:
Ashenzari
Cheibriados
Dithmenos
Fedhas
Gozag
Hepliaklqana
Kikubaaqudgha
Makhleb
Nemelex Xobeh
Ru
Uskayaw
Wu Jian
Xom
Yredelemnul
Zin
The Shining One

Shops:
D:4 *!([   D:5 *   D:7 (

Annotations:
D:6 exclusion: player ghost


Innate Abilities, Weirdness & Mutations

You reflexively headbutt those who attack you in melee.
You have a pair of horns on your head.


Message History

You feel better. The adder barely misses you. You furiously retaliate!
You headbutt the adder!
You kill the adder!
Trog accepts your kill. The sun demon misses you. You furiously retaliate!
You headbutt the sun demon, but do no damage.
The kobold demonologist mumbles some strange words.
The troll closely misses you. The troll misses you.
The troll claws you but does no damage.
As you read the scroll of teleportation, it crumbles to dust.
You feel strangely unstable. The sun demon hits you!
* * * LOW HITPOINT WARNING * * *
You are engulfed in flames!
You resist.
* * * LOW HITPOINT WARNING * * *
The kobold demonologist barely misses you.
The troll bites you!
* * * LOW HITPOINT WARNING * * *
The troll claws you but does no damage. The troll closely misses you.
The red devil hits you from afar with a +1 demon trident of electrocution!
You die...

K#.......##....#.#.#
#.#...#..#....))...#
. .....##.......###
#.....#...#.#####
##..........
#...5#.#####
#.#...54...+
#..###.K###.#..
#.....T@......#
#...##..†3...#.# #.
##.....)# #........#
#≈≈.....##
....).....
###≈≈..... ≈≈≈#...


You could see a sun demon (summoned), a kobold demonologist, a troll, a red
devil (summoned) and 2 shadow imps.

Vanquished Creatures
  A two-headed ogre (D:11)
  An unseen horror (D:9)
  The ghost of Fractals the Ducker, a novice DrWn of Uskayaw (D:6)
  Maggie (D:6)
  A kobold demonologist (D:11)
  A komodo dragon (D:11)
  Grinder (D:5)
  2 hippogriffs
  Eustachio (D:6)
  A basilisk (D:12)
  5 yaks
  A hungry ghost (D:8)
  An ice beast (D:5)
  An orc warrior (D:11)
  An eye of draining (D:9)
  2 phantoms
  7 ogres
  A black bear (D:11)
  5 centaurs
  A crocodile (D:9)
  3 big kobolds
  Blork the orc (D:5)
  7 bullfrogs
  A water moccasin zombie (D:7)
  2 scorpions (D:7)
  A wyvern skeleton (D:11)
  A howler monkey (D:11)
  2 crimson imps
  A jelly (D:12)
  A quasit (D:11)
  4 hounds
  4 orc priests
  A bullfrog zombie (D:11)
  2 orc wizards (D:11)
  2 bullfrog skeletons
  3 iron imps (D:3)
  2 iguanas
  6 worker ants
  A big kobold zombie (Ossuary)
  A hound zombie (D:5)
  9 mummies
  12 gnolls (D:4)
  8 adders
  A river rat (D:6)
  A shadow imp (D:5)
  3 oozes
  An adder skeleton (D:9)
  A worm (D:2)
  A dart slug (D:3)
  7 leopard geckos
  34 orcs
  2 ball pythons
  3 giant cockroaches
  31 goblins
  20 hobgoblins
  7 jackals
  18 kobolds
  5 quokkas
  4 bats
  3 frilled lizards
  A gnoll zombie (Ossuary)
  A goblin zombie (D:7)
  3 hobgoblin zombies (Ossuary)
  2 kobold zombies
  2 orc zombies (Ossuary)
  10 rats
  A plant (D:4)
273 creatures vanquished.

Vanquished Creatures (collateral kills)
  Harold (D:11)
  A two-headed ogre (D:9)
  A cyclops (D:11)
  A yak (D:11)
  Grum (D:9)
  An ice beast (D:9)
  2 wolves (D:9)
  A crocodile (D:11)
  2 worker ants (D:11)
  A hound zombie (D:11)
  A hound skeleton (D:11)
  3 gnolls (D:11)
  2 orcs (D:11)
18 creatures vanquished.

Vanquished Creatures (others)
  6 fungi (D:9)
  3 plants (D:9)
9 creatures vanquished.

Grand Total: 300 creatures vanquished

Notes
Turn   | Place    | Note
-------+----------+-------------------------------------------
     0 | D:1      | soggyman666 the Minotaur Berserker began the quest for the
                  | Orb.
     0 | D:1      | Reached XP level 1. HP: 19/19 MP: 0/0
   294 | D:1      | Reached XP level 2. HP: 23/27 MP: 1/1
   654 | D:1      | Reached skill level 4 in Axes
  1037 | D:2      | Reached XP level 3. HP: 24/34 MP: 2/2
  1390 | D:2      | Found a hazy altar of Hepliaklqana.
  1400 | D:2      | Reached ** piety under Trog
  1518 | D:2      | Found a sparkling altar of Nemelex Xobeh.
  1538 | D:2      | Found a shadowy altar of Dithmenos.
  1538 | D:2      | Found a blossoming altar of Fedhas.
  1540 | D:2      | Found a snail-covered altar of Cheibriados.
  1540 | D:2      | Found a shimmering altar of Xom.
  1540 | D:2      | Found a burning altar of Makhleb.
  1606 | D:2      | Reached XP level 4. HP: 41/41 MP: 3/3
  2446 | D:3      | Reached skill level 1 in Stealth
  2529 | D:3      | Found a burning altar of Makhleb.
  2544 | D:3      | Reached skill level 5 in Axes
  2544 | D:3      | Reached XP level 5. HP: 23/47 MP: 4/4
  2580 | D:3      | Reached skill level 5 in Fighting
  3063 | D:4      | Found Zuwu's Antique Weapon Shoppe.
  3310 | D:4      | Found Tihumo Ulipt's Armour Emporium.
  3350 | D:4      | Reached XP level 6. HP: 56/56 MP: 5/5
  3369 | D:4      | Found a staircase to the Ecumenical Temple.
  3468 | D:4      | Found Waadeiro's Assorted Antiques.
  3485 | D:4      | Reached skill level 6 in Axes
  3791 | D:4      | Found a sacrificial altar of Ru.
  4199 | D:4      | Found Amixe's Distillery.
  4425 | D:4      | Reached *** piety under Trog
  4460 | D:4      | Reached XP level 7. HP: 40/62 MP: 6/6
  4477 | D:4      | HP: 3/62 [hobgoblin/+0 club (1)]
  4835 | D:4      | Reached skill level 7 in Axes
  5609 | D:4      | Reached **** piety under Trog
  5872 | D:5      | Entered Level 5 of the Dungeon
  6018 | D:5      | Noticed a +0 dagger
  6020 | D:5      | Noticed a -1 dagger
  6034 | D:5      | Found a hide-covered altar of Uskayaw.
  6084 | D:5      | Noticed Blork the orc
  6091 | D:5      | Killed Blork the orc
  6240 | D:5      | Reached skill level 5 in Armour
  6259 | D:5      | Reached skill level 8 in Axes
  6359 | D:5      | Found an opulent altar of Gozag.
  6359 | D:5      | Found Gozag's Platinum Reserve.
  6651 | D:5      | Noticed Grinder
  6658 | D:5      | Paralysed by Grinder for 3 turns
  6670 | D:5      | Killed Grinder
  6670 | D:5      | Reached XP level 8. HP: 31/71 MP: 7/7
  6977 | D:5      | Found a glowing silver altar of Zin.
  6977 | D:5      | Found an ancient bone altar of Kikubaaqudgha.
  6978 | D:5      | Found a basalt altar of Yredelemnul.
  6978 | D:5      | Found a shattered altar of Ashenzari.
  7247 | D:5      | Reached skill level 9 in Axes
  7809 | D:6      | Found a runed translucent door.
  7859 | D:6      | Found a runed translucent door.
  7860 | D:6      | Noticed Fractals's ghost (novice DrWn)
  8128 | D:6      | Noticed Maggie
  8145 | D:6      | Killed Maggie
  8145 | D:6      | Reached skill level 5 in Dodging
  8384 | D:6      | Noticed Eustachio
  8393 | D:6      | Killed Eustachio
  8393 | D:6      | Reached skill level 10 in Axes
  8716 | D:6      | Reached XP level 9. HP: 79/79 MP: 8/8
  8773 | D:6      | Killed Fractals's ghost
  9017 | D:7      | Found a sparkling altar of Nemelex Xobeh.
  9077 | D:7      | Found Ucoshrali's Antique Weapon Emporium.
  9106 | D:7      | Reached skill level 11 in Axes
  9167 | D:7      | Found a sand-covered staircase.
  9175 | Ossuary  | Entered an ossuary
  9367 | D:7      | Reached ***** piety under Trog
  9446 | D:7      | Found an ornate altar of the Wu Jian Council.
  9628 | D:7      | Found a shadowy altar of Dithmenos.
  9937 | D:8      | Reached XP level 10. HP: 91/91 MP: 9/9
 10235 | D:8      | Found a glowing golden altar of the Shining One.
 10487 | D:9      | Killed an unseen horror
 10487 | D:9      | Reached skill level 12 in Axes
 10725 | D:9      | Noticed Grum
 10726 | D:9      | Noticed a two-headed ogre
 10734 | D:9      | Reached skill level 1 in Evocations
 10737 | D:9      | Killed a two-headed ogre
 10749 | D:9      | Killed Grum
 11022 | D:9      | Noticed a two-headed ogre
 11493 | D:10     | Entered Level 10 of the Dungeon
 11539 | D:10     | Reached skill level 10 in Fighting
 11674 | D:10     | You fall into a shaft and drop 2 floors!
 11687 | D:12     | Noticed a cyclops
 11826 | D:11     | Reached skill level 13 in Axes
 12067 | D:11     | Identified a scroll of acquirement
 12091 | D:11     | Noticed a two-headed ogre
 12107 | D:11     | Killed a two-headed ogre
 12107 | D:11     | Reached XP level 11. HP: 101/101 MP: 10/10
 12133 | D:11     | Noticed Harold
 12137 | D:11     | HP: 1/101 [cyclops/large rock (25)]
 12154 | D:11     | Killed Harold
 12187 | D:11     | Noticed a death knight
 12197 | D:12     | Noticed a two-headed ogre
 12197 | D:12     | Noticed a white ugly thing
 12201 | D:11     | Noticed a sun demon
 12202 | D:11     | HP: 4/101 [troll (17)]
 12202 | D:11     | Slain by a red devil

Illustrated notes

Levels and vault maps discovered:
D:1:      evilmike_arrival_crescent, layout_loops_cross
D:2:      layout_basic, doesnt_xom_only_xom, lemuel_doored_altar, first_ration
D:3:      layout_rooms, demons_altar
D:4:      minmay_goblin_kobold_castle, layout_layer_cave, kennysheep_little_box,
          minmay_temple_entry_ruins, serial_shops, shop, shop, shop,
          shop_statue, minmay_misc_feat_pillars, corexii_shack
D:5:      layout_layer_cave, dancing_weapons_uskayaw, minitemple, st_stairs_10,
          kennysheep_nub, nicolae_gozag_zags_fifth_avenue, uniq_grinder,
          uniq_blork_the_orc
D:6:      layout_basic, ebering_ghost_sewer_f, serial_co_window_serial,
          co_window_corner_a, co_window_corner_a, co_window_cross_1,
          co_window_corner_a, co_window_paths_a, co_window_corner_b,
          co_window_broadway_a, co_window_corner_b, co_window_corner_b,
          co_window_corner_ca, glass_columns_a, glass_columns_a,
          glass_columns_a, uniq_eustachio, uniq_maggie
D:7:      layout_rooms, lemuel_crystal_altar, nemelex_xobeh_ov_fountains_minmay,
          kennysheep_mini, nicolae_ossuary_entry_giza, serial_shops, shop,
          grunt_decor_arrowhead
D:8:      layout_rooms, nicolae_tso_swordbearing_angel
D:9:      layout_roguey, due_lair_maze_entry_diamond, uniq_grum
D:10:     layout_gridville, serial_shops, nicolae_shop_crystal,
          hangedman_pestilent_swarm
D:11:     minmay_the_grid_triangle_9x9_recursive_3_mashed
          [minmay_the_grid_triangle_9x9_pentomino_pain,
          minmay_the_grid_triangle_9x9_impossible_snake,
          minmay_the_grid_triangle_9x9_windchime,
          minmay_the_grid_triangle_9x9_prize_center,
          minmay_the_grid_triangle_9x9_limited_checkers,
          minmay_the_grid_triangle_9x9_skeleton,
          minmay_the_grid_triangle_9x9_tough_junction,
          minmay_the_grid_triangle_9x9_corruption,
          minmay_the_grid_triangle_9x9_negative_grid], layout_basic,
          basic_altar, water_boxes_lemuel, uniq_harold
D:12:     layout_cave_pools, david_orc_1_choice, special_room [special_room_bee]

Skill      XL: |  1  2  3  4  5  6  7  8  9 10 |
---------------+-------------------------------+-----
Fighting       | 4 5 6 7 9 10 | 10.4
Axes           | 4 5 6 8 10 11 13 | 13.8
Armour         | 3 4 5 |  5.9
Stealth        | 1 2 4 |  4.1
Dodging        | 3 4 5 6 8 |  8.6
Evocations     | 1 |  1.3

Action                   |  1- 3 |  4- 6 |  7- 9 | 10-12 || total
-------------------------+-------+-------+-------+-------++-------
Melee: Hand axe          |    66 |   140 |   174 |       ||   380
       Headbutt          |     5 |    33 |    77 |    46 ||   161
       War axe           |       |       |   148 |   170 ||   318
Invok: Berserk           |       |     1 |     5 |     1 ||     7
       Trog's Hand       |       |       |     1 |       ||     1
       Brothers in Arms  |       |       |       |     4 ||     4
Evoke: Wand              |       |       |     4 |     3 ||     7
  Use: Scroll            |     6 |     4 |    11 |     7 ||    28
       Potion            |       |       |     4 |     6 ||    10
 Stab: Sleeping          |       |       |     1 |     4 ||     5
  Eat: Chunk             |     2 |    10 |    19 |     7 ||    38
       Ration            |       |       |     1 |     1 ||     2
Armor: Animal skin       |     4 |       |       |       ||     4
       Leather armour    |    13 |    19 |    18 |       ||    50
       Steam dragon scal |       |       |    38 |    34 ||    72
Dodge: Dodged            |    55 |    94 |   222 |   128 ||   499
